 Dungeon Crawl Stone Soup version 0.30-a0-883-g5ad918d77d (webtiles) character file.

Game seed: 16459617504938098000

2187 Ijustatesigmund the Magician (level 9, -2/106 HPs)
             Began as a Gnoll Fire Elementalist on Mar 16, 2023.
             Killed by miscasting Flame Wave (5 damage)
             ... on level 7 of the Dungeon.
             The game lasted 00:16:24 (8895 turns).

Ijustatesigmund the Magician (GnFE)                 Turns: 8895, Time: 00:16:25

Health: -2/106     AC: 24    Str:  4 (6)  XL:     9   Next: 33%
Magic:  11/20      EV:  2    Int: 24      God:
Gold:   76         SH:  0    Dex: 11      Spells: 14/21 levels left

rFire   . . .      SeeInvis .    k - +3 battleaxe (freeze)
rCold   . . .      Faith    .    (shield currently unavailable)
rNeg    . . .      Spirit   .    a - melded +0 robe
rPois   +          Reflect  .    o - melded +1 helmet
rElec   .          Rampage  .    (cloak currently unavailable)
rCorr   .          NoTele   +    (gloves currently unavailable)
Will    .....                    A - melded +0 pair of boots of Ytakes {rN+ Str+2}
Stlth   +++                      (no amulet)
HPRegen 0.37/turn                B - ring of wizardry
MPRegen 0.17/turn                (no ring)

@: tree-form, very slightly contaminated, slowed, very slow
A: stationary, stasis, torment immunity, boosted hp, (fangs 1), strong nose,
distributed training, clever 1, deterioration 1, high MP 1, robust 1
a: no special abilities


You were on level 7 of the Dungeon.
You were a tree.
You visited 1 branch of the dungeon, and saw 7 of its levels.
You also visited: Ossuary.

You collected 569 gold pieces.
You spent 493 gold pieces at shops.

Inventory:

Hand Weapons
 e - a +0 heavy flail
 k - a +3 battleaxe of freezing (weapon)
 p - a +2 sling of freezing
Missiles
 h - 2 boomerangs of dispersal
Armour
 a - a +0 robe (melded)
 o - a +1 helmet (melded)
 A - the +0 pair of boots of Ytakes (melded) {rN+ Str+2}
   (You bought it in a shop on level 6 of the Dungeon)

   Str:       It affects your strength (+2).
   rN:        It protects you from negative energy.
Magical Staves
 i - a staff of poison
Jewellery
 B - a ring of wizardry (left branch)
 C - a +6 ring of strength
Wands
 r - a wand of paralysis (10)
 t - a wand of flame (19)
Scrolls
 d - a scroll of poison
 j - a scroll of immolation
 y - a scroll of teleportation
 E - a scroll of amnesia
Potions
 b - 2 potions of magic
 c - 3 potions of cancellation
 f - 6 potions of brilliance
 g - a potion of haste
 l - 2 potions of lignification
 n - 3 potions of mutation
 q - a potion of might
 s - a potion of flight {unknown}
 u - a potion of invisibility {unknown}
 w - 3 potions of attraction
 z - a potion of heal wounds {unknown}


   Skills:
 + Level 4.3 Fighting
 + Level 4.3 Short Blades
 + Level 4.3 Long Blades
 + Level 4.3 Axes
 + Level 4.3 Maces & Flails
 + Level 4.3 Polearms
 + Level 4.3 Staves
 + Level 4.3 Ranged Weapons
 + Level 4.3 Throwing
 + Level 4.3 Armour
 + Level 6.3 Dodging
 + Level 6.1 Stealth
 + Level 4.3 Shields
 + Level 4.3 Unarmed Combat
 + Level 6.7 Spellcasting
 + Level 4.2 Conjurations
 + Level 3.5 Hexes
 + Level 3.5 Summonings
 + Level 3.5 Necromancy
 + Level 3.5 Translocations
 + Level 3.5 Transmutations
 + Level 6.6 Fire Magic
 + Level 3.5 Ice Magic
 + Level 3.5 Air Magic
 + Level 3.5 Earth Magic
 + Level 3.5 Poison Magic
 + Level 4.7 Invocations
 + Level 4.3 Evocations


You had 14 spell levels left.
You knew the following spells:

 Your Spells              Type           Power      Damage    Failure   Level
a - Foxfire               Conj/Fire      100%       2x1d9     1%          1
b - Scorch                Fire           78%        2d9       1%          2
c - Flame Wave            Conj/Fire      34%        2d10      3%          4

Your spell library contained the following spells:

 Spells                   Type           Power      Damage    Failure   Level
 Dazzling Flash           Conj/Hex       52%        N/A       1%          3
 Inner Flame              Hex/Fire       32%        N/A       1%          3
 Kindle Blastsparks       Fire/Tloc/Air  58%        2d14      1%          3
 Agony                    Necr           25%        N/A       19%         5
 Silence                  Hex/Air        12%        N/A       19%         5


Dungeon Overview and Level Annotations

Branches:
Dungeon (7/15)             Temple (0/1) D:6         Ossuary (visited)

Altars:
Hepliaklqana
Ru

Shops:
D:6 [([


Innate Abilities, Weirdness & Mutations

You are a tree.
Your roots penetrate the ground, keeping you stationary.
You cannot be teleported.
You are immune to unholy pain and torment.
Your maximum health is greatly increased.
Your equipment is partially melded.
((You have very sharp teeth.))
Your uncanny sense of smell can sniff out nearby items.
Your experience applies equally to all skills.
Your mind is acute. (Int +4, Str/Dex -1)
Your body sometimes deteriorates upon taking damage.
You have an increased reservoir of magic. (+10% MP)
You are robust. (+10% HP)


Message History

Really quaff the potion of lignification?
You turn into a tree.
Your +1 helmet melds into your body.
The +0 pair of boots of Ytakes {rN+ Str+2} melds into your body.
Your +0 robe melds into your body.
Your roots penetrate the ground.
You feel yourself speed up.
You feel very sick. The hornet stings you!
* * * LOW HITPOINT WARNING * * *
You feel yourself slow down.
The gnoll sergeant hits you with a +0 spear.
* * * LOW HITPOINT WARNING * * *
The hornet stings you but does no damage.
The gnoll sergeant hits you with a +0 spear.
* * * LOW HITPOINT WARNING * * *
You feel better. The hornet stings you.
* * * LOW HITPOINT WARNING * * *
You are poisoned.
You feel as though you will be slow longer.
The hornet stings you but does no damage.
The gnoll sergeant hits you with a +0 spear.
* * * LOW HITPOINT WARNING * * *
The hornet stings you but does no damage.
You feel better.
The hornet stings you but does no damage.
The gnoll sergeant hits you with a +0 spear.
* * * LOW HITPOINT WARNING * * *
The hornet stings you.
* * * LOW HITPOINT WARNING * * *
You feel as though you will be slow longer.
The gnoll sergeant hits you but does no damage.
Sorry, you're not good enough to have a special ability.
Okay, then.
Casting: Scorch (safe; 1% risk of failure)
Confirm with . or Enter, or press ? or * to list all spells.
Casting: Flame Wave (dangerous; 3% risk of failure)
Press: ? - help, Dir - look around, f - activate You miscast Flame Wave.
You are very lightly contaminated with residual magic.
You are caught in a fiery explosion.
You die...

,,,,,,,,,,** ,,,,,,,,,..#*
*,,,,**,,...######
*,,,,,*,,.....#..####
,,,,,,,,,...........#
,**,,,,,,...........#
,,,,,,,,,...........# ####
,,,*,,,,,......g...#####..##
,,***,,.........♣)..(.#....#
,,,,,,,.......##y..........#
,,,,,,,.......#.....#......#
,,,,,,.....................#
,,,,,,....................######
,,,,<,...........)......#...##.##
,,,,,,.........[.......##..)#..##
**,,,,......[.<.)......###.......
*,,,,,.......#..#......####.....#


You could see a hornet and a gnoll sergeant (combustible).

Vanquished Creatures
  An orc warrior (D:7)
  A sky beast (D:6)
  2 ice beasts
  2 ogres
  A centaur (D:6)
  A phantom (D:5)
  4 bullfrogs
  5 wights (D:6)
  A howler monkey (D:4)
  A gnoll bouda (D:6)
  2 iguanas
  4 jellies
  A sleepcap (D:6)
  Terence (D:3)
  2 orc priests
  Ijyb (D:4)
  7 orc wizards
  9 mummies
  11 gnolls
  9 adders
  A shadow imp (D:7)
  2 white imps
  3 ufetubi (D:5)
  3 worms
  A dart slug (D:4)
  19 orcs
  9 ball pythons
  A bat (D:2)
  3 endoplasms
  5 giant cockroaches
  2 gnoll zombies (Ossuary)
  4 goblins
  5 hobgoblins
  7 kobolds
  A quokka (D:1)
  4 frilled lizards
  3 hobgoblin zombies (Ossuary)
  3 kobold zombies (Ossuary)
  6 rats
148 creatures vanquished.

Vanquished Creatures (collateral kills)
  A kobold (D:1)
1 creature vanquished.

Vanquished Creatures (others)
  339 foxfires
  2 plants (D:7)
341 creatures vanquished.

Grand Total: 490 creatures vanquished

Notes
Turn   | Place    | Note
-------+----------+-------------------------------------------
     0 | D:1      | Ijustatesigmund the Gnoll Fire Elementalist began the quest
                  | for the Orb.
     0 | D:1      | Reached XP level 1. HP: 13/13 MP: 6/6
   125 | D:1      | Reached XP level 2. HP: 20/20 MP: 3/7
   184 | D:1      | You fall into a shaft and drop 1 floor!
   691 | D:1      | Reached skill level 5 in Spellcasting
   691 | D:1      | Reached XP level 3. HP: 25/25 MP: 6/9
  1034 | D:2      | Found a sacrificial altar of Ru.
  1107 | D:2      | Reached skill level 1 in Invocations
  1228 | D:2      | Reached skill level 1 in Fighting
  1228 | D:2      | Reached skill level 1 in Short Blades
  1228 | D:2      | Reached skill level 1 in Long Blades
  1228 | D:2      | Reached skill level 1 in Axes
  1228 | D:2      | Reached skill level 1 in Maces & Flails
  1228 | D:2      | Reached skill level 1 in Polearms
  1228 | D:2      | Reached skill level 1 in Staves
  1228 | D:2      | Reached skill level 1 in Ranged Weapons
  1228 | D:2      | Reached skill level 1 in Throwing
  1228 | D:2      | Reached skill level 1 in Armour
  1228 | D:2      | Reached skill level 1 in Shields
  1228 | D:2      | Reached skill level 1 in Unarmed Combat
  1228 | D:2      | Reached skill level 1 in Evocations
  1231 | D:2      | Learned a level 2 spell: Scorch
  1785 | D:3      | Reached XP level 4. HP: 27/32 MP: 6/11
  1974 | D:3      | Reached skill level 1 in Hexes
  1974 | D:3      | Reached skill level 1 in Summonings
  1974 | D:3      | Reached skill level 1 in Necromancy
  1974 | D:3      | Reached skill level 1 in Translocations
  1974 | D:3      | Reached skill level 1 in Transmutations
  1974 | D:3      | Reached skill level 1 in Ice Magic
  1974 | D:3      | Reached skill level 1 in Air Magic
  1974 | D:3      | Reached skill level 1 in Earth Magic
  1974 | D:3      | Reached skill level 1 in Poison Magic
  2151 | D:3      | Reached XP level 5. HP: 32/37 MP: 3/12
  2320 | D:3      | Noticed Terence
  2331 | D:3      | Killed Terence
  3151 | D:4      | Noticed an ogre
  3161 | D:4      | Killed an ogre
  3162 | D:4      | Reached skill level 5 in Dodging
  3162 | D:4      | Reached XP level 6. HP: 44/44 MP: 5/14
  3219 | D:4      | Noticed Ijyb
  3627 | D:4      | Killed Ijyb
  4296 | D:5      | Entered Level 5 of the Dungeon
  4303 | D:5      | Reached XP level 7. HP: 49/50 MP: 8/15
  4508 | D:5      | Found a sand-covered staircase.
  4522 | Ossuary  | Entered an ossuary
  4689 | Ossuary  | Reached skill level 5 in Stealth
  5501 | D:5      | Reached XP level 8. HP: 58/58 MP: 11/16
  5571 | D:5      | Learned a level 4 spell: Flame Wave
  6192 | D:6      | Found Icves's Antique Weapon Shoppe.
  6260 | D:6      | Found Aluprais's Antique Armour Shop.
  6471 | D:6      | Found Todum Bihy's Armour Boutique.
  6493 | D:6      | Bought the +0 pair of boots of Ytakes {rN+ Str+2} for 218
                  | gold pieces
  6507 | D:6      | Found a staircase to the Ecumenical Temple.
  6663 | D:6      | Paralysed by a gnoll for 5 turns
  6668 | D:6      | Gained mutation: You expend magic power (3 MP) to
                  | strengthen your wands. [potion of mutation]
  6668 | D:6      | Gained mutation: You have large cloven feet. [potion of
                  | mutation]
  6671 | D:6      | Paralysed by a gnoll for 3 turns
  6679 | D:6      | Paralysed by a gnoll for 3 turns
  6858 | D:6      | Lost mutation: You expend magic power (3 MP) to strengthen
                  | your wands. [potion of mutation]
  6858 | D:6      | Lost mutation: You have large cloven feet. [potion of
                  | mutation]
  6858 | D:6      | Gained mutation: Your body sometimes deteriorates upon
                  | taking damage. [potion of mutation]
  6858 | D:6      | Gained mutation: Your mind is acute. (Int +4, Str/Dex -1)
                  | [potion of mutation]
  6858 | D:6      | Gained mutation: You are robust. (+10% HP) [potion of
                  | mutation]
  6858 | D:6      | Gained mutation: You have an increased reservoir of magic.
                  | (+10% MP) [potion of mutation]
  7213 | D:6      | Bought a spiked chain mail for 275 gold pieces
  7213 | D:6      | Identified the +2 chain mail of Too Many Cooks {Drain Will+
                  | SInv} (You bought it in a shop on level 6 of the Dungeon)
  7940 | D:6      | Reached XP level 9. HP: 58/71 MP: 11/20
  8777 | D:7      | Found a hazy altar of Hepliaklqana.
  8881 | D:7      | Noticed a hornet
  8888 | D:7      | Paralysed by a hornet for 2 turns
  8893 | D:7      | HP: 2/106 [gnoll sergeant/+0 spear (6)]
  8895 | D:7      | Killed by miscasting Flame Wave

Illustrated notes

Levels and vault maps discovered:
D:1:      tarquinn_simple_flora_water_e, layout_basic
D:2:      layout_loops_cross, basic_altar, serial_rivers,
          chequers_serial_rivers_small_a, chequers_serial_rivers_micro_c,
          chequers_serial_rivers_micro_e, chequers_serial_rivers_marsh
D:3:      layout_basic, minmay_misc_feat_roman, minmay_misc_feat_room,
          uniq_terence
D:4:      layout_basic, uniq_ijyb
D:5:      layout_loops_ring, gup_ossuary_entry_pyramid
D:6:      layout_loops_corners, minmay_temple_entry_enclosed_plants,
          serial_shops, shop, nicolae_inconvenience_store, shop,
          amethyst_killhole
D:7:      minmay_angry_zag, layout_cave_pools, nicolae_hepliaklqana_hazy_memory,
          serial_shops, nicolae_shop_advertising_works
          [nicolae_subvault_shop_adworks]

Skill      XL: |  1  2  3  4  5  6  7  8  9 |
---------------+----------------------------+-----
Conjurations   | 2 3 4 |  4.2
Spellcasting   | 5 6 |  6.7
Invocations    | 1 2 3 4 |  4.7
Fighting       | 1 2 3 4 |  4.3
Short Blades   | 1 2 3 4 |  4.3
Long Blades    | 1 2 3 4 |  4.3
Axes           | 1 2 3 4 |  4.3
Maces & Flails | 1 2 3 4 |  4.3
Polearms       | 1 2 3 4 |  4.3
Staves         | 1 2 3 4 |  4.3
Ranged Weapons | 1 2 3 4 |  4.3
Throwing       | 1 2 3 4 |  4.3
Armour         | 1 2 3 4 |  4.3
Shields        | 1 2 3 4 |  4.3
Unarmed Combat | 1 2 3 4 |  4.3
Evocations     | 1 2 3 4 |  4.3
Hexes          | 1 2 3 |  3.5
Summonings     | 1 2 3 |  3.5
Necromancy     | 1 2 3 |  3.5
Translocations | 1 2 3 |  3.5
Transmutations | 1 2 3 |  3.5
Ice Magic      | 1 2 3 |  3.5
Air Magic      | 1 2 3 |  3.5
Earth Magic    | 1 2 3 |  3.5
Poison Magic   | 1 2 3 |  3.5
Dodging        | 5 6 |  6.3
Stealth        | 5 6 |  6.1
Fire Magic     | 6 |  6.6

Action                     |  1- 3 |  4- 6 |  7- 9 || total
---------------------------+-------+-------+-------++-------
  Melee: Spear             |    16 |    15 |       ||    31
         Flail             |       |    11 |       ||    11
         Bite              |       |     3 |     2 ||     5
         Battleaxe         |       |       |    11 ||    11
   Fire: Sling             |       |    11 |    26 ||    37
   Cast: Foxfire           |    68 |    78 |    78 ||   224
         Scorch            |     1 |    28 |    59 ||    88
         Flame Wave        |       |       |    10 ||    10
  Evoke: Wand              |       |     2 |       ||     2
    Use: Scroll            |     4 |     4 |     7 ||    15
         Potion            |       |     1 |     8 ||     9
 Armour: Robe              |    12 |    12 |    32 ||    56
         Skin              |       |       |    26 ||    26
  Dodge: Dodged            |    15 |    51 |    83 ||   149

Table legend: (Time is in decaauts)
 A = Elapsed time spent in this place.
 B = Non-inter-level travel time spent in this place.
 C = Inter-level travel time spent in this place.
 D = Time resting spent in this place.
 E = Time spent auto-exploring this place.
 F = Levels seen in this place.
 G = Mean time per level.
                   A        B        C        D        E       F      G
               +--------+--------+--------+--------+--------+-----+--------+
         Total |   8911 |   8602 |    309 |   2302 |   4982 |   8 | 1113.9 |
       Dungeon |   8437 |   8128 |    309 |   2120 |   4835 |   7 | 1205.3 |
       Ossuary |    474 |    474 |      0 |    182 |    147 |   1 |  474.0 |
               +--------+--------+--------+--------+--------+-----+--------+

Top non-repeatable levels by time:
     D:6: 2705 daAuts
     D:3: 1338 daAuts
     D:4: 1196 daAuts
     D:5: 1044 daAuts
     D:2: 929 daAuts
     D:1: 828 daAuts
 Ossuary: 474 daAuts
     D:7: 395 daAuts
